 Dungeon Crawl Stone Soup version 0.26.1-2-gb8aa6d0cf2 (webtiles) character file.

Game seed: 17504604246724546528

173 Alarak the Insei (level 5, -1/41 HPs)
             Began as a Gnoll Transmuter on Mar 20, 2021.
             Slain by a sky beast (6 damage)
             ... on level 3 of the Dungeon.
             The game lasted 00:11:38 (3813 turns).

Alarak the Insei (Gnoll Transmuter)                 Turns: 3813, Time: 00:11:38

Health: -1/41      AC:  3    Str: 14    XL:     5   Next: 53%
Magic:  10/12      EV: 14    Int: 15    God:
Gold:   76         SH:  0    Dex: 15    Spells: 11/14 levels left

rFire    . . .     SeeInvis .   b - +2 dagger (speed)
rCold    . . .     Faith    .   (no shield)
rNeg     . . .     Spirit   .   g - +0 leather armour
rPois    .         Reflect  .   (helmet currently unavailable)
rElec    .         Harm     .   (no cloak)
rCorr    .         Rampage  .   (no gloves)
Will     .....                  (boots currently unavailable)
Stlth    ++........             (no amulet)
HPRegen  0.13/turn              (no ring)
MPRegen  0.13/turn              (no ring)

@: appendages, wereblooded
A: distributed training, fangs 1, horns 2, talons 2, strong nose
a: End Transformation


You were on level 3 of the Dungeon.
You had grown temporary horns.
You had grown temporary talons.
You visited 1 branch of the dungeon, and saw 3 of its levels.

You collected 76 gold pieces.

Inventory:

Hand Weapons
 b - a +2 dagger of speed (weapon)
 c - a -1 mace
Armour
 a - a +0 robe
 f - a +0 helmet (melded)
 g - a +0 leather armour (worn)
Scrolls
 i - a scroll of teleportation
Potions
 d - 3 potions of brilliance
 e - a potion of cancellation
 h - a potion of lignification
 j - a potion of mutation {unknown}
 k - a potion of attraction {unknown}


   Skills:
 + Level 3.0 Fighting
 + Level 1.5 Short Blades
 + Level 1.5 Long Blades
 + Level 1.5 Axes
 + Level 1.5 Maces & Flails
 + Level 1.5 Polearms
 + Level 1.5 Staves
 + Level 1.5 Slings
 + Level 1.5 Bows
 + Level 1.5 Crossbows
 + Level 1.5 Throwing
 + Level 1.5 Armour
 + Level 4.8 Dodging
 + Level 1.5 Stealth
 + Level 1.5 Shields
 + Level 6.7 Unarmed Combat
 + Level 5.2 Spellcasting
 + Level 1.2 Conjurations
 + Level 1.2 Hexes
 + Level 1.2 Summonings
 + Level 1.2 Necromancy
 + Level 1.2 Translocations
 + Level 4.0 Transmutations
 + Level 1.2 Fire Magic
 + Level 1.2 Ice Magic
 + Level 1.2 Air Magic
 + Level 1.2 Earth Magic
 + Level 1.2 Poison Magic
 + Level 1.7 Invocations
 + Level 1.5 Evocations


You had 11 spell levels left.
You knew the following spells:

 Your Spells              Type           Power        Failure   Level
a - Beastly Appendage     Tmut           30%          3%          1
b - Wereblood             Tmut           15%          6%          2

Your spell library contained the following spells:

 Spells                   Type           Power        Failure   Level
 Spider Form              Tmut/Pois      5%           21%         3
 Ice Form                 Ice/Tmut       11%          54%         4
 Blade Hands              Tmut           7%           71%         5


Dungeon Overview and Level Annotations

Branches:
Dungeon (3/15)

Altars:
Elyvilon
Hepliaklqana
Okawaru
Trog
The Shining One


Innate Abilities, Weirdness & Mutations

Your experience applies equally to all skills.
You have very sharp teeth.
Your uncanny sense of smell can sniff out nearby items.
You have a pair of horns on your head.
You have razor-sharp toenails.


Message History

You bite the sky beast, but do no damage.
The sky beast is moderately wounded.
You hit the sky beast but do no damage.
You claw the sky beast, but do no damage.
The sky beast is moderately wounded.
The sky beast hits you. The sky beast shocks you.
You closely miss the sky beast. You claw the sky beast. You bite the sky beast.
The sky beast is heavily wounded.
The sky beast hits you. The sky beast shocks you.
* * * LOW HITPOINT WARNING * * *
You hit the sky beast.
You bite the sky beast, but do no damage.
The sky beast is severely wounded.
You hit the sky beast but do no damage. You punch the sky beast.
You bite the sky beast, but do no damage.
The sky beast is severely wounded.
The sky beast hits you.
* * * LOW HITPOINT WARNING * * *
The sky beast shocks you.
You die...

.##### .....# #..
.....# #.. .....#
#..###### .....# !.
#.......# ..# ...
#......# ..#####
..###......# .......
.....>..Y..# ########
#.....@..# #...)..#
#........#.# #..<##.#
#..........# #.).##.#
#........### .......#
#........#
..♣♣♣..####.......!..[
.♣# #♣.............###
.♣ ♣..........#.## .♣#
#♣.....#####...#


You could see a sky beast.

Vanquished Creatures
  An orc wizard (D:3)
  Robin (D:2)
  6 adders
  2 worms
  A leopard gecko (D:2)
  8 orcs (D:3)
  6 bats
  2 giant cockroaches
  15 goblins
  5 hobgoblins
  2 jackals (D:2)
  2 ball pythons (D:2)
  2 frilled lizards
  5 kobolds
  8 rats
66 creatures vanquished.

Notes
Turn   | Place    | Note
-------+----------+-------------------------------------------
     0 | D:1      | Alarak the Gnoll Transmuter began the quest for the Orb.
     0 | D:1      | Reached XP level 1. HP: 17/17 MP: 6/6
   271 | D:1      | Reached XP level 2. HP: 21/23 MP: 7/7
   810 | D:2      | Reached skill level 5 in Spellcasting
   810 | D:2      | Reached XP level 3. HP: 8/28 MP: 6/9
  1268 | D:2      | Found an iron altar of Okawaru.
  1268 | D:2      | Found a glowing golden altar of the Shining One.
  1269 | D:2      | Found a hazy altar of Hepliaklqana.
  1278 | D:2      | Reached skill level 1 in Invocations
  1285 | D:2      | Found a bloodstained altar of Trog.
  1285 | D:2      | Found a white marble altar of Elyvilon.
  1285 | D:2      | Noticed Robin
  1515 | D:2      | Reached skill level 1 in Short Blades
  1515 | D:2      | Reached skill level 1 in Long Blades
  1515 | D:2      | Reached skill level 1 in Axes
  1515 | D:2      | Reached skill level 1 in Maces & Flails
  1515 | D:2      | Reached skill level 1 in Polearms
  1515 | D:2      | Reached skill level 1 in Staves
  1515 | D:2      | Reached skill level 1 in Slings
  1515 | D:2      | Reached skill level 1 in Bows
  1515 | D:2      | Reached skill level 1 in Crossbows
  1515 | D:2      | Reached skill level 1 in Throwing
  1515 | D:2      | Reached skill level 1 in Armour
  1515 | D:2      | Reached skill level 1 in Stealth
  1515 | D:2      | Reached skill level 1 in Shields
  1515 | D:2      | Reached skill level 1 in Evocations
  1761 | D:2      | Reached XP level 4. HP: 28/34 MP: 9/11
  1877 | D:2      | Killed Robin
  2540 | D:2      | Reached skill level 1 in Conjurations
  2540 | D:2      | Reached skill level 1 in Hexes
  2540 | D:2      | Reached skill level 1 in Summonings
  2540 | D:2      | Reached skill level 1 in Necromancy
  2540 | D:2      | Reached skill level 1 in Translocations
  2540 | D:2      | Reached skill level 1 in Fire Magic
  2540 | D:2      | Reached skill level 1 in Ice Magic
  2540 | D:2      | Reached skill level 1 in Air Magic
  2540 | D:2      | Reached skill level 1 in Earth Magic
  2540 | D:2      | Reached skill level 1 in Poison Magic
  3091 | D:3      | Reached XP level 5. HP: 30/40 MP: 10/12
  3550 | D:3      | Learned a level 2 spell: Wereblood
  3800 | D:3      | Noticed a sky beast
  3813 | D:3      | Slain by a sky beast

Illustrated notes

Levels and vault maps discovered:
D:1:      psy_arrival_basics, layout_basic, minmay_strange_pillars,
          grunt_decor_one_mirror
D:2:      layout_rooms, grunt_temple_overflow_open, kennysheep_cross_room,
          minmay_misc_feat_columns, uniq_robin
D:3:      layout_basic, minmay_stone_trees_small

Skill      XL: |  1  2  3  4  5 |
---------------+----------------+-----
Spellcasting   | 5 |  5.2
Invocations    | 1 |  1.7
Short Blades   | 1 |  1.5
Long Blades    | 1 |  1.5
Axes           | 1 |  1.5
Maces & Flails | 1 |  1.5
Polearms       | 1 |  1.5
Staves         | 1 |  1.5
Slings         | 1 |  1.5
Bows           | 1 |  1.5
Crossbows      | 1 |  1.5
Throwing       | 1 |  1.5
Armour         | 1 |  1.5
Stealth        | 1 |  1.5
Shields        | 1 |  1.5
Evocations     | 1 |  1.5
Conjurations   | 1 |  1.2
Hexes          | 1 |  1.2
Summonings     | 1 |  1.2
Necromancy     | 1 |  1.2
Translocations | 1 |  1.2
Fire Magic     | 1 |  1.2
Ice Magic      | 1 |  1.2
Air Magic      | 1 |  1.2
Earth Magic    | 1 |  1.2
Poison Magic   | 1 |  1.2
Fighting       | 3 |  3.0
Transmutations | 4 |  4.0
Dodging        | |  4.8
Unarmed Combat | |  6.7

Action                   |  1- 3 |  4- 6 || total
-------------------------+-------+-------++-------
Melee: Mace              |    93 |    49 ||   142
       Headbutt          |     9 |    11 ||    20
       Kick              |    19 |    20 ||    39
       Bite              |     8 |    18 ||    26
       Punch             |     2 |     3 ||     5
       Dagger            |       |    63 ||    63
 Cast: Beastly Appendage |    14 |    12 ||    26
       Wereblood         |       |     2 ||     2
  Use: Scroll            |     1 |     8 ||     9
 Stab: Sleeping          |     2 |     1 ||     3
Armor: Robe              |    15 |    13 ||    28
Dodge: Dodged            |    79 |    99 ||   178
